 Seeded DCSS version 0.30-a0-364-gf6b3ef1049 (webtiles) character file.

Game seed: 13852480795907283700 (custom seed)

21 purpskrrrp the Cudgeller (level 3, -3/22 HPs)
             Began as a Kobold Wanderer on Nov 15, 2022.
             Slain by an orc
             ... wielding a +0 falchion
              (8 damage)
             ... on level 4 of the Dungeon.
             The game lasted 00:01:25 (489 turns).

purpskrrrp the Cudgeller (Kobold Wanderer)           Turns: 489, Time: 00:01:26

Health: -3/22      AC:  3    Str: 12    XL:     3   Next: 2%
Magic:  4/4        EV: 13    Int: 11    God:
Gold:   68         SH:  0    Dex: 15    Spells: 4/4 levels left

rFire   . . .      SeeInvis .    a - +3 mace
rCold   . . .      Faith    .    (no shield)
rNeg    . . .      Spirit   .    d - +0 robe
rPois   .          Reflect  .    b - +0 helmet
rElec   .          Harm     .    (no cloak)
rCorr   .          Rampage  .    (no gloves)
Will    .....                    (no boots)
Stlth   +++.......               (no amulet)
HPRegen 0.23/turn                (no ring)
MPRegen 0.09/turn                (no ring)

@: no status effects
A: small, no large weapons, nightstalker 3
a: no special abilities


You were on level 4 of the Dungeon.
You visited 1 branch of the dungeon, and saw 4 of its levels.

You collected 68 gold pieces.

Inventory:

Hand Weapons
 a - a +3 mace (weapon)
Armour
 b - a +0 helmet (worn)
 d - a +0 robe (worn)
Wands
 e - a wand of acid (9)
Scrolls
 g - a scroll of noise {unknown}
 h - 2 scrolls of amnesia {unknown}
Potions
 c - a potion of attraction
 f - a potion of invisibility {unknown}
 i - a potion of magic {unknown}


   Skills:
 + Level 2.5 Fighting
 + Level 3.7 Maces & Flails
 * Level 1.6 Ranged Weapons
 + Level 1.2 Armour
 + Level 3.0 Stealth
 - Level 1.1 Spellcasting


You had 4 spell levels left.
You didn't know any spells.
Your spell library was empty.

Dungeon Overview and Level Annotations

Branches:
Dungeon (4/15)
 Temple: D:4-7

Altars:

Shops:
D:4 =


Innate Abilities, Weirdness & Mutations

You are small and have problems with some larger weapons.
You are completely attuned to the shadows.


Message History

Found a stone staircase leading down.
The orc shouts!
The hound barks!
The hound closely misses you. The orc barely misses you. The hound bites you.
You barely miss the hound. The hound barely misses you.
The orc barely misses you. The hound closely misses you.
You hit the hound.
The hound is lightly wounded.
The hound bites you but does no damage. The orc hits you with a +0 falchion.
The hound bites you. The orc hits you with a +0 falchion.
You are too injured to fight recklessly!
You are too injured to fight recklessly!
You are too injured to fight recklessly!
You are too injured to fight recklessly!
You are too injured to fight recklessly!
You are too injured to fight recklessly!
You are too injured to fight recklessly!
You are too injured to fight recklessly!
You are too injured to fight recklessly!
You are too injured to fight recklessly!
You are too injured to fight recklessly!
You are too injured to fight recklessly!
You are too injured to fight recklessly!
You are too injured to fight recklessly!
You are too injured to fight recklessly!
You are too injured to fight recklessly!
You are too injured to fight recklessly!
You are too injured to fight recklessly!
You are too injured to fight recklessly!
You are too injured to fight recklessly!
You are too injured to fight recklessly!
You are too injured to fight recklessly!
You closely miss the hound.
The hound is lightly wounded.
The hound closely misses you. The orc hits you with a +0 falchion.
You hit the hound.
The hound is heavily wounded.
The hound bites you.
* * * LOW HITPOINT WARNING * * *
The hound misses you. The orc hits you with a +0 falchion!
You die...

.. .... ####
#....#...#
#...#.#..## .
#..#...#..# .. #
#.#..∩..#.#... ####
#..#...#.@h...
...#####...#.#..#o##.
....#.##....#...#..#
.......#...........>.
#......#.......######
##.............
###.....####+ ###..##
####


You could see a hound and an orc.

Vanquished Creatures
  A worm (D:4)
  A dart slug (D:2)
  An endoplasm (D:3)
  4 hobgoblins
  A quokka (D:1)
  A ball python (D:2)
  A bat (D:1)
  2 goblins
  3 kobolds
15 creatures vanquished.

Notes
Turn   | Place    | Note
-------+----------+-------------------------------------------
     0 | D:1      | purpskrrrp the Kobold Wanderer began the quest for the Orb.
     0 | D:1      | purpskrrrp set off with the following items: a +3 mace, a
                  | +0 helmet, a potion of attraction, a +0 robe.
     0 | D:1      | Reached XP level 1. HP: 12/12 MP: 2/2
   190 | D:2      | Reached skill level 1 in Ranged Weapons
   190 | D:2      | Reached XP level 2. HP: 17/17 MP: 3/3
   332 | D:3      | Identified a scroll of acquirement
   332 | D:3      | Acquired a +1 pair of gloves of strength
   445 | D:4      | Reached XP level 3. HP: 18/22 MP: 4/4
   477 | D:4      | Found Vueg's Jewellery Boutique.
   489 | D:4      | Slain by an orc

Illustrated notes

Levels and vault maps discovered:
D:1:      sevenhm_arrival_forest_fort_large_2, layout_basic, serial_shops,
          shop_statue, minmay_misc_feat_rugged, kennysheep_nondescript,
          st_stairs_12
D:2:      layout_loops_ring
D:3:      layout_rooms
D:4:      layout_basic, nicolae_tso_carved_into_rock,
          minmay_temple_entry_offerings, serial_shops, nicolae_diamond_shop

Skill      XL: |  1  2 |
---------------+-------+-----
Ranged Weapons | 1 |  1.6
Stealth        | 3 |  3.0
Fighting       | |  2.5
Maces & Flails | |  3.7
Armour         | |  1.2
Spellcasting   | |  1.1

Action                   || total
-------------------------++-------
Melee: Mace              ||    49
       Punch             ||     1
  Use: Scroll            ||     1
 Stab: Sleeping          ||     5
Armor: Robe              ||    11
Dodge: Dodged            ||    42

Table legend: (Time is in decaauts)
 A = Elapsed time spent in this place.
 B = Non-inter-level travel time spent in this place.
 C = Inter-level travel time spent in this place.
 D = Time resting spent in this place.
 E = Time spent auto-exploring this place.
 F = Levels seen in this place.
 G = Mean time per level.
                   A        B        C        D        E       F      G
               +--------+--------+--------+--------+--------+-----+--------+
         Total |    498 |    472 |     26 |      0 |    324 |   4 |  124.5 |
       Dungeon |    498 |    472 |     26 |      0 |    324 |   4 |  124.5 |
               +--------+--------+--------+--------+--------+-----+--------+

Top non-repeatable levels by time:
     D:1: 185 daAuts
     D:4: 132 daAuts
     D:3: 101 daAuts
     D:2: 79 daAuts
